 Dungeon Crawl Stone Soup version 0.30.0-5-g1a98f26d00 (webtiles) character file.

Game seed: 6745653947437828488

36 VictoriousLee the Cudgeller (level 3, -2/23 HPs)
             Began as a Gargoyle Fighter on May 12, 2023.
             Slain by Sigmund
             ... wielding a +0 scythe
              (8 damage)
             ... on level 3 of the Dungeon.
             The game lasted 00:04:18 (1509 turns).

VictoriousLee the Cudgeller (Gargoyle Fighter)      Turns: 1509, Time: 00:04:18

Health: -2/23      AC: 12    Str: 21    XL:     3   Next: 37%
Magic:  2/2        EV:  8    Int:  8    God:
Gold:   157        SH:  0    Dex:  9    Spells: 2/2 levels left

rFire   . . .        a - +0 flail
rCold   . . .        c - +0 buckler
rNeg    + . .        p - +0 chain mail
rPois   ∞            (helmet restricted)
rElec   +            (no cloak)
rCorr   .            (no gloves)
SInv    .            (no boots)
Will    .....        (no amulet) Stlth
                     h - +4 ring of slaying
HPRegen 0.23/turn    (no ring)
MPRegen 0.08/turn

%: no passive effects
@: confused, mighty
A: sickness immunity, AC +3, negative energy resistance 1, electricity
resistance, torment resistance 1, petrification resistance, beak, low MP 1,
screaming 1
a: no special abilities


You were on level 3 of the Dungeon.
You visited 1 branch of the dungeon, and saw 3 of its levels.

You collected 157 gold pieces.

Inventory:

Hand Weapons
 a - a +0 flail (weapon)
Armour
 b - a +0 scale mail
 c - a +0 buckler (worn)
 p - a +0 chain mail (worn)
Jewellery
 g - a ring of ice
 h - a +4 ring of slaying (left hand)
Scrolls
 e - a scroll of teleportation {unknown}
 f - a scroll of immolation {unknown}
 k - a scroll of fog {unknown}
 m - 2 scrolls of identify {unknown}
 o - a scroll of enchant weapon {unknown}
 q - a scroll of brand weapon {unknown}
Potions
 i - a potion of attraction {unknown}
 n - a potion of degeneration {unknown}


   Skills:
 - Level 3.2 Fighting
 + Level 3.5 Maces & Flails
 - Level 3.2 Armour
 - Level 0.3 Dodging
 - Level 3.2 Shields


You had 2 spell levels left.
You didn't know any spells.
Your spell library was empty.

Dungeon Overview and Level Annotations

Branches:
Dungeon (3/15)

Altars:

Annotations:
D:3 Sigmund


Innate Abilities, Weirdness & Mutations

You are immune to sickness and miasma.
Your stone body is resilient. (AC +3)
You are immune to poison.
You resist negative energy. (rN+)
You are resistant to electric shocks. (rElec)
You are resistant to unholy torment.
You are immune to petrification.
You have a beak for a mouth.
Your magical capacity is low. (-10% MP)
You occasionally shout uncontrollably at your foes.


Message History

There is a stone staircase leading up here.
A kobold comes into view. It is wielding a +0 short sword.
The kobold shouts!
The kobold hits you but does no damage.
You sock the kobold!
You kill the kobold!
No target in view!
Things that are here:
a +0 short sword; a kobold corpse Sigmund the Dreaded comes into view.
He is wielding a +0 scythe.
Found a scroll labelled TIKUAR VYSTIPS.
Sigmund shouts!
Okay, then.
Okay, then.
Press: ? - help, v - describe, . - travel The floor.
Unknown command.
It was a potion of curing.
You feel better.
It was a potion of mutation.
You feel extremely strange.
You feel less energetic.
You feel the urge to shout.
Your mouth lengthens and hardens into a beak!
You feel very mighty all of a sudden.
Sigmund hits you from afar with a +0 scythe!
You barely miss Sigmund. Sigmund casts a spell at you.
You are confused.
Sigmund says, "I'm your fate." Sigmund hits you with a +0 scythe.
Unknown command.
You miss Sigmund. Sigmund hits you but does no damage.
Unknown command.
Sigmund laughs darkly.
Sigmund casts a spell at you.
You are more confused.
Sigmund hits you with a +0 scythe.
You bump into the rock wall.
You bump into the rock wall.
Sigmund hits you with a +0 scythe.
* * * LOW HITPOINT WARNING * * *
You bump into the rock wall.
Sigmund hits you with a +0 scythe!
You die...

#. #.# #.####
##....# . #.....#
.. #.....# .@.
#.....# ....
###....@# ...#
#...)..@####....#
#.##.##.........#
# ##.#######....#
#...<# ?###
###### #


You could see Sigmund.

Vanquished Creatures
  2 adders (D:2)
  An endoplasm (D:1)
  A giant cockroach (D:1)
  A goblin (D:2)
  3 hobgoblins
  4 kobolds
  A quokka (D:2)
  A ball python (D:1)
  3 frilled lizards (D:2)
  2 rats
19 creatures vanquished.

Notes
Turn   | Place    | Note
-------+----------+-------------------------------------------
     0 | D:1      | VictoriousLee the Gargoyle Fighter began the quest for the
                  | Orb.
     0 | D:1      | Reached XP level 1. HP: 14/14 MP: 1/1
   129 | D:1      | Reached XP level 2. HP: 17/19 MP: 2/2
   783 | D:2      | Reached XP level 3. HP: 18/23 MP: 3/3
  1490 | D:3      | Noticed Sigmund
  1498 | D:3      | Gained mutation: Your magical capacity is low. (-10% MP)
                  | [potion of mutation]
  1498 | D:3      | Gained mutation: You occasionally shout uncontrollably at
                  | your foes. [potion of mutation]
  1498 | D:3      | Gained mutation: You have a beak for a mouth. [potion of
                  | mutation]
  1509 | D:3      | Slain by Sigmund

Illustrated notes

Levels and vault maps discovered:
D:1:      dpeg_arrival_boxes_within_box, layout_rooms
D:2:      layout_basic, hangedman_decor_push, kennysheep_generic_room_2
D:3:      layout_basic, kennysheep_cluttered_room, uniq_sigmund,
          uniq_crazy_yiuf_cottage, uniq_terence

Skill      XL: |  1  2 |
---------------+-------+-----
Maces & Flails | 3 |  3.5
Fighting       | |  3.2
Armour         | |  3.2
Dodging        | |  0.3
Shields        | |  3.2

Action                     || total
---------------------------++-------
  Melee: Flail             ||    52
    Use: Potion            ||     3
 Armour: Scale mail        ||    16
         Chain mail        ||     6
  Dodge: Dodged            ||    14
  Block: Buckler           ||    11
